[Event "*** SCC Grand Prix: Titled Tuesday Blitz"]
[Site "Chess.com"]
[Date "2020.06.02"]
[Round "4"]
[White "MPGM"]
[Black "Pultis"]
[Result "1-0"]
[WhiteElo "2541"]
[BlackElo "2758"]
[TimeControl "180+1"]
[EndTime "10:39:40 PDT"]
[Termination "MPGM won by resignation"]

1. d4 Nf6 2. c4 g6 3. Nf3 Bg7 4. g3 O-O 5. Bg2 d5 6. cxd5 Nxd5 7. O-O Nc6 8. e4 Nb6 9. d5 Na5 10. Nc3 e6 11. Bf4 exd5 12. exd5 Nac4 13. Qe2 Re8 14.
Qc2 Bf5 15. Qb3 a5 16. Rae1 a4 17. Qb5 Rxe1 18. Rxe1 a3 19. Ne5 Nxe5 20. Bxe5 Bxe5 21. Rxe5 axb2 22. Re2 b1=Q+ 23. Nxb1 Qd6 24. Nc3 Ra3 25. Qe8+ Kg7 26. Nb5 Qc5 27. Nxa3 Qxa3 28. Qe5+ Kg8 29. Qxc7 Nd7 30. Qxb7 Qc1+ 31. Bf1 Bh3 32. Re8+ Nf8 33. Qb5 Qd1 34. Qe2 Qa1 35. Qe1 h5 1-0

[Event "*** SCC Grand Prix: Titled Tuesday Blitz"]
[Site "Chess.com"]
[Date "2020.06.02"]
[Round "4"]
[White "theblitzchamp"]
[Black "Thipsay"]
[Result "1-0"]
[WhiteElo "2654"]
[BlackElo "2460"]
[TimeControl "180+1"]
[EndTime "10:39:40 PDT"]
[Termination "theblitzchamp won on time"]

1. d4 Nf6 2. Bf4 g6 3. Nc3 d5 4. e3 c6 5. h4 h5 6. Nf3 Bg4 7. Be2 Bxf3 8. Bxf3 Nbd7 9. Qe2 Qa5 10. O-O-O Bg7 11.
Kb1 b5 12. Qd2 b4 13. Ne2 Qb6 14. Nc1 a5 15. Nd3 Rc8 16. Ne5 e6 17. g4 hxg4 18.
Nxg4 Nxg4 19. Bxg4 Nf6 20. Bf3 c5 21. dxc5 Qxc5 22. Be5 Nh5 23. Bd4 Bxd4 24. exd4 Qd6 25. Rde1 Kf8 26. Re5 Ng7 27. h5 f6 28. Ree1 gxh5 29.
Bxh5 Nxh5 30. Qe2 Qc7 31. Qxe6 Qxc2+ 32. Ka1 Rh7 33. Qxd5 1-0

[Event "*** SCC Grand Prix: Titled Tuesday Blitz"]
[Site "Chess.com"]
[Date "2020.06.02"]
[Round "4"]
[White "Oligan22"]
[Black "DonPreuss"]
[Result "1-0"]
[WhiteElo "2424"]
[BlackElo "2227"]
[TimeControl "180+1"]
[EndTime "10:39:40 PDT"]
[Termination "Oligan22 won by resignation"]

1. e4 e5 2. Nf3 d5 3. exd5 e4 4. Qe2 Nf6 5. Nc3 Be7 6. Nd4 Nxd5 7. Qxe4 Nxc3 8. dxc3 O-O 9. Bd3 f5 10. Qf3 Nc6 11. Nxc6 bxc6 12. Qxc6 Rb8 13. O-O Bb7 14. Qe6+ Kh8 15. Bf4 Rf6 16. Qe2 Qd5 17. f3 Bc5+ 18. Kh1 Rbf8 19. Rae1 Qxa2 20. Bxc7 f4 21. Qe5 Be3 22. Bd6 Rg8 23. b3 Rd8 24. Ra1 Qxa1 25.
Rxa1 Rfxd6 26. Qh5 Rh6 27. Qg5 Rdd6 28. Ra4 Rxh2+ 29. Kxh2 Rh6+ 30. Qxh6 gxh6 31. Rc4 Bd5 32. Rc7 Kg8 33. Rxh7 Bd2 34. Rxh6 Bf7 35. Rc6 Bxc3 36. Rxc3 1-0

[Event "*** SCC Grand Prix: Titled Tuesday Blitz"]
[Site "Chess.com"]
[Date "2020.06.02"]
[Round "4"]
[White "goofypenguin96"]
[Black "Salem-AR"]
[Result "0-1"]
[WhiteElo "2247"]
[BlackElo "3033"]
[TimeControl "180+1"]
[EndTime "10:39:41 PDT"]
[Termination "Salem-AR won by resignation"]

1. e4 c5 2. Nf3 Nc6 3. c3 Nf6 4. Bd3 d5 5. exd5 Qxd5 6. Be2 e5 7. d3 Bf5 8. O-O O-O-O 9. Be3 Bxd3 10. Bxd3 Qxd3 11.
Qa4 e4 12. Ng5 Bd6 13. Nxf7 Bxh2+ 14. Kxh2 Qxf1 15. Nxh8 Rd5 16. Nd2 Qxa1 17. Nxe4 Ng4+ 18. Kg3 Nxe3 19. fxe3 Qe1+ 20. Kf4 g5+ 21. Kg4 Qe2+ 22.
Kh3 Qxe3+ 23. Ng3 Qe6+ 24. Qg4 Kd7 25. Nf7 Qxg4+ 26. Kxg4 Ne5+ 27. Nxe5+ Rxe5 28. Kf3 Ke7 29. Ne4 h5 30. Ke3 Kf7 31. Kf3 Kg6 32. Nd6 b6 33. Nc4 Rf5+ 34. Kg3 h4+ 35. Kg4 Rf4+ 36. Kh3 Rxc4 0-1

[Event "*** SCC Grand Prix: Titled Tuesday Blitz"]
[Site "Chess.com"]
[Date "2020.06.02"]
[Round "4"]
[White "GodDMuhammad"]
[Black "dbrankovic68"]
[Result "1-0"]
[WhiteElo "2297"]
[BlackElo "2438"]
[TimeControl "180+1"]
[EndTime "10:39:41 PDT"]
[Termination "GodDMuhammad won by resignation"]

1. f4 c5 2. Nf3 g6 3. g3 Bg7 4. d3 e6 5. c3 Ne7 6. Bg2 Nbc6 7. e4 d6 8. O-O O-O 9. Qc2 f5 10. Be3 b6 11. Nbd2 Qd7 12. Rac1 Bb7 13. Nc4 e5 14. fxe5 dxe5 15. Nh4 Rad8 16. exf5 Nxf5 17. Nxf5 gxf5 18.
Bg5 Rde8 19. Ne3 h6 20. Bh4 Na5 21. Bxb7 Nxb7 22. Rce1 Nd6 23. Qb3+ Kh8 24. Qd5 Rf7 25. Rf2 Ref8 26. Ref1 f4 27. gxf4 exf4 28. Ng2 Rf5 29. Qf3 Qe6 30. Re1 Qg6 31. Kh1 Qf7 32. Be7 Ne8 33.
Bxf8 Qxf8 34. Nxf4 Kh7 35. Qg4 Qf7 36. Rxe8 Rg5 37. Qe6 Qb7+ 38. Qe4+ Qxe4+ 39. dxe4 1-0

[Event "*** SCC Grand Prix: Titled Tuesday Blitz"]
[Site "Chess.com"]
[Date "2020.06.02"]
[Round "4"]
[White "EvgenyRomanov"]
[Black "yamalchess"]
[Result "1-0"]
[WhiteElo "2657"]
[BlackElo "2463"]
[TimeControl "180+1"]
[EndTime "10:39:42 PDT"]
[Termination "EvgenyRomanov won by resignation"]

1. d4 f5 2. g3 Nf6 3. Bg2 g6 4. c4 Bg7 5. Nc3 Nc6 6. Nh3 O-O 7. O-O Qe8 8. d5 Ne5 9. b3 Nf7 10. Bb2 e5 11. dxe6 dxe6 12. Qc2 c5 13. Nf4 Qe7 14. Rad1 g5 15. Nd3 h6 16. Na4 e5 17. Ndxc5 e4 18. b4 b6 19. Nb3 Be6 20. c5 Rac8 21.
Nd4 Bd7 22. c6 b5 23. Nc5 Bxc6 24. Nxf5 Qe8 25. Nxg7 Kxg7 26. Qc3 Qe7 27. f4 exf3 28. Bxf3 Rfe8 29. Bxc6 Rxc6 30. Rd7 Rxc5 31. Rxe7 Rxc3 32.
Bxc3 Rxe7 33. Bxf6+ Kf8 34. Bxe7+ Kxe7 35. Rf5 Nd6 36.
Rc5 a6 37. Kg2 Nc4 38. Rc6 Ne3+ 39. Kf3 Nd5 40. a3 g4+ 41. Kxg4 1-0

[Event "*** SCC Grand Prix: Titled Tuesday Blitz"]
[Site "Chess.com"]
[Date "2020.06.02"]
[Round "4"]
[White "KNVB"]
[Black "kingmonkey2006"]
[Result "0-1"]
[WhiteElo "2675"]
[BlackElo "2507"]
[TimeControl "180+1"]
[EndTime "10:39:43 PDT"]
[Termination "kingmonkey2006 won on time"]

1. e4 c5 2. b4 b6 3. bxc5 bxc5 4.
Bc4 e6 5. Nc3 Bb7 6. Rb1 Bc6 7. Qe2 Nf6 8. Nf3 d6 9. e5 Nfd7 10.
exd6 Bxd6 11. O-O O-O 12. d3 Nb6 13. Bb3 N8d7 14. Ne4 Be7 15. Bb2 Nf6 16. Ne5 Bd5 17. Bxd5 Nbxd5 18. Nc6 Qc7 19. Nxe7+ Qxe7 20. Be5 Nxe4 21.
dxe4 Nb4 22. c3 Nc6 23. Bf4 Rfd8 24. h3 h6 25. Qc4 Rac8 26. Rb5 Qf6 27. Bg3 Ne5 28.
Bxe5 Qxe5 29. Ra5 Rc7 30. f4 Qd6 31. Kh2 Rb8 32. Rf2 Rb1 33. e5 Qd1 34. Rxc5 Qg1+ 35. Kg3 Rb2 36. Rxb2 Rxc5 37. Qe4 Rxc3+ 38. Kg4 g6 0-1

[Event "*** SCC Grand Prix: Titled Tuesday Blitz"]
[Site "Chess.com"]
[Date "2020.06.02"]
[Round "4"]
[White "JiaHaoxiang"]
[Black "latixxa"]
[Result "1-0"]
[WhiteElo "2565"]
[BlackElo "2157"]
[TimeControl "180+1"]
[EndTime "10:39:43 PDT"]
[Termination "JiaHaoxiang won by resignation"]

1. Nf3 d5 2. d4 Nf6 3. c4 e6 4. g3 dxc4 5. Bg2 c5 6. O-O Nc6 7. dxc5 Qxd1 8. Rxd1 Bxc5 9. Nbd2 c3 10. bxc3 O-O 11. Nb3 Be7 12. c4 Bd7 13. Nfd4 Nxd4 14. Nxd4 e5 15. Nb5 Bc6 16. Bxc6 bxc6 17. Nd6 Rad8 18. Ba3 Bxd6 19. Bxd6 Rfe8 20. c5 Rd7 21. f3 e4 22. f4 Nd5 23. Rd4 f5 24. Kf2 Kf7 25. Rb1 Red8 26. Rb3 Nf6 27. Ra4 Ng4+ 28. Kg2 Ke6 29. Rba3 Ra8 30. Ra6 Kd5 31. h3 Nf6 32. R3a4 Ne8 33. e3 Nxd6 34. cxd6 Kxd6 35. Rc4 Rc7 36. Rd4+ Ke6 37. Rc4 Rac8 38. Rc5 Kd6 39.
Rxf5 Re7 40. Rfa5 Rcc7 41. Ra4 Kd7 42. Rc4 Re6 43. Raa4 Kc8 44. Rxe4 Rd6 45. Red4 Re6 46. Kf3 c5 47. Rdc4 Rb6 48. Ra5 Rbc6 49. e4 Kb7 50. e5 Kb6 51. Ra3 g6 52. Re4 c4 53. Rc3 Kc5 54. Ke3 Kb5 55. a3 a5 56. g4 Ka4 57. f5 gxf5 58. gxf5 Kb5 59. e6 Re7 60. Kf4 Rc5 61. Re5 1-0

[Event "*** SCC Grand Prix: Titled Tuesday Blitz"]
[Site "Chess.com"]
[Date "2020.06.02"]
[Round "4"]
[White "Lion-Al-Messi"]
[Black "chargemax23"]
[Result "0-1"]
[WhiteElo "2345"]
[BlackElo "2591"]
[TimeControl "180+1"]
[EndTime "10:39:43 PDT"]
[Termination "chargemax23 won on time"]

1. e4 g6 2. d4 Bg7 3. Nf3 d6 4.
Nc3 a6 5. Be3 b5 6. a3 Bb7 7.
Bd3 Nd7 8. O-O c5 9. b3 cxd4 10. Bxd4 Ngf6 11. Re1 O-O 12. Qd2 Rc8 13. Rad1 Qc7 14. e5 dxe5 15. Nxe5 Nc5 16. f3 Rfd8 17. Qe3 Rxd4 18. Qxd4 Ne6 19. Qe3 Qxc3 20. Nxf7 Bd5 21.
Nh6+ Kf8 22. Kh1 Nh5 23. Ng4 Nhf4 24. Be4 Bxe4 25. Qxc3 Rxc3 26. Rxe4 Kf7 27. Rde1 h5 28. Ne5+ Bxe5 29. Rxe5 Rc6 30. g3 Nh3 31. R1e2 Nhg5 32. f4 Nf3 33. R5e3 Nfd4 34. Rf2 Nxc2 35. Ref3 Ned4 36.
Rd3 Nf5 37. Kg2 Nxa3 38. Kh3 b4 39. Rd8 Nb5 40. Rfd2 Rc3 41. Ra8 Rc6 42. Rdd8 Nbd4 43. Rf8+ Ke6 44. Rg8 Kd5 45. Rad8+ Ke4 46. Rde8 Nxb3 47.
Rd8 Nbd4 0-1

[Event "*** SCC Grand Prix: Titled Tuesday Blitz"]
[Site "Chess.com"]
[Date "2020.06.02"]
[Round "4"]
[White "Fortitudine"]
[Black "Alopekos"]
[Result "0-1"]
[WhiteElo "2311"]
[BlackElo "2506"]
[TimeControl "180+1"]
[EndTime "10:39:43 PDT"]
[Termination "Alopekos won by resignation"]

1. c4 e5 2. g3 Nc6 3. Bg2 Bc5 4. Nc3 a6 5. Nf3 d6 6. O-O Nf6 7. d3 h6 8. a3 O-O 9. b4 Ba7 10. Bb2 Ne7 11. e3 Be6 12. h3 Qd7 13. Kh2 c6 14. c5 Ng6 15. cxd6 Qxd6 16. Qc2 Rad8 17. Rfd1 Bf5 18.
Ne4 Qe7 19. Nfd2 Nxe4 20. Nxe4 Rd7 21. Rd2 Rfd8 22. Rad1 Nf8 23. g4 Bh7 24. Ng3 Bb8 25.
Be4 Ng6 26. Nf5 Qf6 27. Kg2 h5 28. f3 Ba7 29. d4 Nh4+ 30. Nxh4 Bxe4 31. Qxe4 Qxh4 32.
Qxe5 Bb8 33. Qxh5 Qg3+ 34. Kf1 Qxf3+ 35. Ke1 Bg3+ 0-1

[Event "*** SCC Grand Prix: Titled Tuesday Blitz"]
[Site "Chess.com"]
[Date "2020.06.02"]
[Round "4"]
[White "kingnb"]
[Black "avantage_ru"]
[Result "1-0"]
[WhiteElo "2551"]
[BlackElo "2718"]
[TimeControl "180+1"]
[EndTime "10:39:44 PDT"]
[Termination "kingnb won by resignation"]

1. e4 Nf6 2. Nc3 c6 3. Nf3 d6 4. d4 Bg4 5. h3 Bh5 6. Bc4 e6 7. O-O d5 8. exd5 cxd5 9. Bb5+ Nc6 10. Bg5 Be7 11. Qd3 O-O 12. Ne5 Nxe5 13. dxe5 Bg6 14. Qd1 Nd7 15. Bxe7 Qxe7 16. f4 Rac8 17. Kh1 Nb6 18.
Qd4 Bxc2 19. Rac1 Bg6 20. g4 Qh4 21. Kh2 h5 22. Qf2 Qxf2+ 23. Rxf2 hxg4 24. hxg4 a6 25. Bf1 d4 26. Ne2 Rxc1 27. Nxc1 f6 28. exf6 Rxf6 29. Kg3 Nd5 30. Nb3 d3 31. Nc5 d2 32. Rxd2 Nxf4 33. Bc4 b5 34. Bb3 a5 35. Nd7 Rf7 36. Ne5 Rf6 37. g5 Nh5+ 38. Kh2 Rf1 39. Nxg6 Re1 40. Nh4 a4 41. Bc2 Kf7 42. Bg6+ Ke7 43. Bxh5 1-0

[Event "*** SCC Grand Prix: Titled Tuesday Blitz"]
[Site "Chess.com"]
[Date "2020.06.02"]
[Round "4"]
[White "mirochka"]
[Black "kuba2006"]
[Result "0-1"]
[WhiteElo "2186"]
[BlackElo "2413"]
[TimeControl "180+1"]
[EndTime "10:39:44 PDT"]
[Termination "kuba2006 won on time"]

1. e4 Nf6 2. e5 Nd5 3. d4 d6 4. c4 Nb6 5. Nf3 Bg4 6. Be2 Nc6 7. exd6 exd6 8. d5 Bxf3 9. gxf3 Ne5 10. Qc2 g6 11. f4 Ned7 12. f5 Bg7 13. Nc3 O-O 14.
Rg1 Re8 15. Be3 Ne5 16. Ne4 Qe7 17. Ng3 c6 18. dxc6 bxc6 19. h4 Qxh4 20. fxg6 hxg6 21. Rc1 Rab8 22. Rh1 Qe7 23. Kf1 d5 24. cxd5 Nxd5 25. Bd4 Qe6 26. Bc4 Qd6 27. Bb3 Rbc8 28. Bc5 Qe6 29.
Qd2 Qg4 30. Qd1 Qxd1+ 31. Rxd1 Nd7 32. Bd6 Bxb2 0-1

[Event "*** SCC Grand Prix: Titled Tuesday Blitz"]
[Site "Chess.com"]
[Date "2020.06.02"]
[Round "4"]
[White "bmt011"]
[Black "mikerahal"]
[Result "1-0"]
[WhiteElo "2079"]
[BlackElo "2278"]
[TimeControl "180+1"]
[EndTime "10:39:45 PDT"]
[Termination "bmt011 won on time"]

1. d4 Nf6 2. Bf4 g6 3. e3 d6 4.
h3 Bg7 5. Nf3 O-O 6. Be2 c5 7. c3 b6 8. a4 a6 9. Nbd2 Bb7 10.
O-O Nbd7 11. Qb3 Qc7 12. Qa3 e5 13. dxe5 dxe5 14. Bh2 Rfe8 15. b4 Rad8 16. a5 b5 17. c4 cxb4 18. Qxb4 Bf8 19. Qb2 b4 20. c5 Qxc5 21.
Rfc1 Qd6 22. Nc4 Qe7 23. Nfxe5 Nxe5 24. Nxe5 Bg7 25. Nc6 Bxc6 26. Rxc6 Ne4 27. Qa2 Nxf2 28. Rc7 Nxh3+ 29. Kh1 Nf2+ 30. Kg1 Qf6 31. Rf1 Rxe3 32. Rxf2 Qd4 33. Qxf7+ Kh8 34. Rc4 Qd7 35. Rc7 Qxf7 36. Rfxf7 1-0

[Event "*** SCC Grand Prix: Titled Tuesday Blitz"]
[Site "Chess.com"]
[Date "2020.06.02"]
[Round "4"]
[White "grunbergmihai"]
[Black "GmSergioBarrientos"]
[Result "0-1"]
[WhiteElo "2379"]
[BlackElo "2597"]
[TimeControl "180+1"]
[EndTime "10:39:46 PDT"]
[Termination "GmSergioBarrientos won by resignation"]

1. Nf3 Nf6 2. c4 e6 3. g3 b6 4. Bg2 Bb7 5. O-O Be7 6. d4 O-O 7. Nc3 Ne4 8. Qc2 f5 9. Rd1 Nxc3 10. Qxc3 Bf6 11. b4 a5 12. b5 Be4 13. Bb2 d6 14.
Ne1 Nd7 15. Bxe4 fxe4 16. Ng2 Qe8 17. Qe3 d5 18. Rac1 Rc8 19. cxd5 exd5 20. Qb3 Qf7 21.
Rc6 Be7 22. Rf1 Bd6 23. Ba3 Nb8 24. Rc2 Bxa3 25. Qxa3 c6 26. bxc6 Nxc6 27. e3 Nb4 28. Rxc8 Rxc8 29. Rc1 Rf8 30. Rf1 g5 31. Qb3 Qe6 32.
Ne1 Qc6 33. a3 Na6 34. Nc2 b5 35. Kg2 Qc4 36. Qxc4 dxc4 37. Rb1 Rb8 38. d5 Kf7 39. f3 b4 40. axb4 axb4 41. fxe4 b3 42. Nd4 Nc5 43. e5 c3 44. e6+ Ke8 45. d6 Rb6 46.
d7+ Ke7 47. Nf5+ Kd8 48. Rd1 Rxe6 49. Nd4 c2 50. Nxe6+ Nxe6 51. Rd6 c1=Q 52. Rxe6 Kxd7 0-1

[Event "*** SCC Grand Prix: Titled Tuesday Blitz"]
[Site "Chess.com"]
[Date "2020.06.02"]
[Round "4"]
[White "guillembaches"]
[Black "korkmaz16"]
[Result "1/2-1/2"]
[WhiteElo "2435"]
[BlackElo "2259"]
[TimeControl "180+1"]
[EndTime "10:39:46 PDT"]
[Termination "Game drawn by repetition"]

1. e4 e6 2. Nf3 d5 3. exd5 exd5 4. d4 Nf6 5. Bd3 Bd6 6. O-O O-O 7. h3 h6 8. c4 dxc4 9. Bxc4 Nc6 10. Nc3 a6 11. a3 Bf5 12. Re1 Qd7 13. d5 Ne7 14. Nd4 Bh7 15.
Qf3 Nf5 16. Nxf5 Qxf5 17. Qxf5 Bxf5 18. Be3 Rfe8 19. g4 Bh7 20. Bd4 Ne4 21. Nxe4 Bxe4 22. Re3 Bf4 23. Re2 Bf3 24. Rxe8+ Rxe8 25. Kf1 b5 26.
Bd3 Bxd5 27. Bc3 c5 28. Be2 b4 29. axb4 cxb4 30. Bxb4 Bg2+ 31. Kxg2 Rxe2 32. Bc3 Re6 33. Rd1 Be5 34. Rd8+ Kh7 35. Rd7 Bxc3 36. bxc3 Rc6 37. Ra7 f6 38. f4 Kg6 39. f5+ Kh7 40.
c4 Rxc4 41. Rxa6 h5 42. Kg3 hxg4 43. hxg4 Kh6 44. Ra7 Rb4 45. Rc7 Rb3+ 46. Kf4 Rb4+ 47. Kf3 Rb3+ 48. Kf4 Rb4+ 49. Kf3 Rb3+ 50. Kf4 1/2-1/2

[Event "*** SCC Grand Prix: Titled Tuesday Blitz"]
[Site "Chess.com"]
[Date "2020.06.02"]
[Round "4"]
[White "monalize"]
[Black "Papa12341234"]
[Result "0-1"]
[WhiteElo "2295"]
[BlackElo "2532"]
[TimeControl "180+1"]
[EndTime "10:39:47 PDT"]
[Termination "Papa12341234 won on time"]

1. e4 c5 2. Nf3 d6 3. d4 Nf6 4. Nc3 cxd4 5. Nxd4 a6 6. Bg5 e6 7. Qf3 h6 8. Bxf6 Qxf6 9. Qxf6 gxf6 10. f4 Be7 11. O-O-O b5 12. g3 Bb7 13. Bd3 Nd7 14.
Rhe1 Nc5 15. a3 Rc8 16. Bf1 O-O 17. Kb1 Rfd8 18. Bg2 Nd7 19. Bf3 Nb6 20. f5 e5 21.
Nde2 Rc5 22. Nd5 Bxd5 23. exd5 Rdc8 24. c3 Bf8 25. g4 Nc4 26. Ng3 R5c7 27. Ne4 Be7 28.
Rd3 a5 29. Bd1 Rb8 30. h4 b4 31. cxb4 axb4 32. a4 Kf8 33. g5 hxg5 34. hxg5 fxg5 35. f6 Bd8 36. Rg1 Ke8 37. Rxg5 Ra7 38. Bg4 Be7 39.
fxe7 Kxe7 40. b3 Na3+ 41. Kb2 Rc7 42. Rd2 Rh8 43. Bd1 Rh3 44. Rf2 Rd3 45. Rg7 Kf8 46.
Rh7 Rxd1 47. Rh8+ Ke7 48. Rh7 Kf8 49. Ng5 Rb1+ 0-1

[Event "*** SCC Grand Prix: Titled Tuesday Blitz"]
[Site "Chess.com"]
[Date "2020.06.02"]
[Round "4"]
[White "GothamChess"]
[Black "LiemLe"]
[Result "1-0"]
[WhiteElo "2626"]
[BlackElo "2899"]
[TimeControl "180+1"]
[EndTime "10:39:48 PDT"]
[Termination "GothamChess won by checkmate"]

1. e4 c5 2. a3 g6 3. Nc3 Bg7 4. Bc4 Nc6 5. d3 d6 6. h4 Nf6 7. h5 Nxh5 8. Rxh5 gxh5 9. Qxh5 e6 10. Nf3 h6 11. Bf4 a6 12. Qh2 b5 13. Bb3 e5 14. Bg3 Be6 15. Bh4 Bf6 16. Bd5 Kd7 17.
Rd1 Rb8 18. Kf1 Nd4 19. Bxf6 Qxf6 20. Ne1 b4 21. axb4 cxb4 22. Ne2 Nxe2 23. Kxe2 Bxd5 24. exd5 Qf5 25. Ra1 Rb6 26. Qh4 h5 27. f3 Rc8 28.
Ra4 Rcb8 29. g3 f6 30. Ng2 Qg5 31. Qh3+ Kc7 32. Ne3 Rc8 33. Nc4 Kb7 34. Qd7+ Rc7 35. Na5+ Kb8 36. Qd8+ Ka7 37. Qxc7+ Ka8 38. Qxb6 Qxg3 39.
Qb7# 1-0

[Event "*** SCC Grand Prix: Titled Tuesday Blitz"]
[Site "Chess.com"]
[Date "2020.06.02"]
[Round "4"]
[White "Rodchenkov_Vitalij"]
[Black "Konovalova_Vera"]
[Result "1-0"]
[WhiteElo "2447"]
[BlackElo "2159"]
[TimeControl "180+1"]
[EndTime "10:39:48 PDT"]
[Termination "Rodchenkov_Vitalij won by resignation"]

1. d4 f5 2. Nf3 Nf6 3. g3 e6 4. Bg2 Be7 5. O-O O-O 6. c4 d5 7. Nbd2 c6 8. Ne5 Ne4 9. Ndf3 Nd7 10. Qc2 Nxe5 11. Nxe5 Bf6 12. Bf4 Bd7 13. Rad1 g5 14.
Bc1 Bxe5 15. dxe5 Qe7 16. f3 Nc5 17. Rfe1 f4 18. e4 Rac8 19. b3 Be8 20. exd5 cxd5 21.
cxd5 exd5 22. Rxd5 Bf7 23. Rdd1 Bg6 24. Qe2 Rfd8 25. gxf4 Nd3 26. Rf1 gxf4 27. Bh3 Rc6 28. Bg4 Qc5+ 29. Kh1 Nxc1 30. Rxd8+ Kg7 31. Qg2 Qe7 32.
Rd6 Rxd6 33. exd6 1-0

[Event "*** SCC Grand Prix: Titled Tuesday Blitz"]
[Site "Chess.com"]
[Date "2020.06.02"]
[Round "4"]
[White "Sibelephant"]
[Black "Gajuchess"]
[Result "1-0"]
[WhiteElo "3166"]
[BlackElo "2772"]
[TimeControl "180+1"]
[EndTime "10:39:49 PDT"]
[Termination "Sibelephant won by checkmate"]

1. d4 Nf6 2. Nf3 d5 3. Bg5 c5 4.
e3 Nc6 5. Nbd2 e6 6. c3 h6 7. Bh4 Be7 8. Bd3 O-O 9. O-O b6 10. Ne5 Bb7 11. f4 Nd7 12. Bxe7 Nxe7 13. Nxd7 Qxd7 14.
Qh5 Nf5 15. Rf3 g6 16. Qh3 Kg7 17. g4 Nd6 18. f5 exf5 19. gxf5 Nxf5 20. Bxf5 gxf5 21.
Kf2 Kh7 22. Rg1 Qe6 23. Qxf5+ Qxf5 24. Rxf5 Rae8 25. dxc5 bxc5 26. Nb3 c4 27. Nd4 Rb8 28. Rf6 Bc8 29. b4 cxb3 30. axb3 Rb6 31. Rxb6 axb6 32.
Ra1 Rg8 33. Ra7 Rg7 34. Ne2 Bf5 35. Rb7 h5 36. Rxb6 h4 37. Nf4 Be4 38. Rb5 Kh6 39. c4 dxc4 40. Rh5# 1-0

[Event "*** SCC Grand Prix: Titled Tuesday Blitz"]
[Site "Chess.com"]
[Date "2020.06.02"]
[Round "4"]
[White "eljanov"]
[Black "DaggiGretarsson"]
[Result "0-1"]
[WhiteElo "2822"]
[BlackElo "2669"]
[TimeControl "180+1"]
[EndTime "10:39:49 PDT"]
[Termination "DaggiGretarsson won on time"]

1. Nf3 d5 2. g3 Nc6 3. d4 Bf5 4. Bg2 Nb4 5. Na3 e6 6. O-O h6 7. c3 Na6 8. Ne5 c6 9. c4 Nf6 10. Qa4 Rc8 11. Bf4 Be7 12. Rac1 Qb6 13. c5 Qb4 14. b3 Qxa4 15. bxa4 Nb4 16. Rc3 a5 17.
Rb3 Ne4 18. f3 Nf6 19. Bd2 Nd7 20. Nxd7 Kxd7 21. e4 Bg6 22. Bxb4 axb4 23. Rxb4 Rc7 24. Nb1 Ra8 25. Nc3 dxe4 26. fxe4 e5 27. Rd1 Ke8 28. Rc4 exd4 29. Rdxd4 Ra5 30. Kf1 Bxc5 31. Rd1 Rd7 32. Rxd7 Kxd7 33. e5 Bd3+ 0-1

[Event "*** SCC Grand Prix: Titled Tuesday Blitz"]
[Site "Chess.com"]
[Date "2020.06.02"]
[Round "4"]
[White "Aleksandar-Topalov"]
[Black "Stewie_89"]
[Result "1/2-1/2"]
[WhiteElo "2449"]
[BlackElo "2628"]
[TimeControl "180+1"]
[EndTime "10:39:49 PDT"]
[Termination "Game drawn by agreement"]

1. b3 Nf6 2. Bb2 d5 3. Nf3 c5 4.
e3 Nc6 5. Bb5 g6 6. c4 dxc4 7.
Bxc4 Bg7 8. O-O O-O 9. a3 b6 10. Qc2 Bb7 11. Be2 Rc8 12. d3 Qc7 13. Nbd2 e5 14.
Rac1 Qb8 15. Qb1 Nd5 16. Rc2 h6 17. Rfc1 Qd6 18. Nc4 Qe6 19. Qa1 Rce8 20. Bf1 Kh7 21. d4 cxd4 22. exd4 e4 23. Nfe5 Nxe5 24. dxe5 Re7 25.
Nd6 e3 26. fxe3 Nxe3 27. Rc7 Nxf1 28. Rxe7 Qxe7 29. Rxf1 Bd5 30. Qd1 Qe6 31. b4 Kg8 32.
Nb5 Bc4 33. Nd4 Qxe5 34. Re1 Qd5 35. Qa1 Rd8 36. Nf3 Bxb2 37. Qxb2 Qd6 38. h4 Bd5 39.
Rd1 Qc7 40. Qf6 Rd6 41. Qe5 Qd7 42. h5 Qe6 43. hxg6 Qxe5 44. Nxe5 fxg6 45. Nxg6 Rxg6 46. Rxd5 Rg3 47. Rd8+ Kh7 48. Rd7+ Rg7 1/2-1/2

[Event "*** SCC Grand Prix: Titled Tuesday Blitz"]
[Site "Chess.com"]
[Date "2020.06.02"]
[Round "4"]
[White "Blitzking642"]
[Black "Savagelittlemole"]
[Result "1/2-1/2"]
[WhiteElo "2314"]
[BlackElo "2583"]
[TimeControl "180+1"]
[EndTime "10:39:49 PDT"]
[Termination "Game drawn by repetition"]

1. d4 Nf6 2. c4 g6 3. Nc3 Bg7 4. e4 O-O 5. Nf3 d6 6. Be2 e5 7. O-O Nc6 8. d5 Ne7 9. Bg5 h6 10. Bxf6 Bxf6 11. b4 Bg7 12. c5 f5 13. Nd2 fxe4 14.
Ndxe4 Nf5 15. Bg4 Nd4 16. Bxc8 Rxc8 17. Qd3 Rf4 18. Rad1 Qe7 19. Ne2 Nxe2+ 20. Qxe2 Rcf8 21. cxd6 cxd6 22. Rc1 g5 23. Rc2 Qf7 24. Rd1 Qg6 25. Re1 g4 26. Rc7 R8f7 27. Rxf7 Kxf7 28. Qc2 Kg8 29.
g3 Rf3 30. Qc7 Bf8 31. Qxb7 Rd3 32. Qc6 Rd4 33. Nc5 Rxb4 34. Ne6 Rb1 35. Rxb1 Qxb1+ 36. Kg2 Qe4+ 37. Kg1 Qe1+ 38. Kg2 Qe4+ 39. Kg1 Qb1+ 40.
Kg2 Qe4+ 1/2-1/2

[Event "*** SCC Grand Prix: Titled Tuesday Blitz"]
[Site "Chess.com"]
[Date "2020.06.02"]
[Round "4"]
[White "aisha_zakirova"]
[Black "elegant285"]
[Result "0-1"]
[WhiteElo "1966"]
[BlackElo "2369"]
[TimeControl "180+1"]
[EndTime "10:39:49 PDT"]
[Termination "elegant285 won on time"]

1. d4 Nf6 2. c4 e6 3. Nf3 Bb4+ 4. Bd2 Qe7 5. Nc3 O-O 6. Qc2 Nc6 7. e4 d6 8. Bd3 Bxc3 9. bxc3 e5 10. O-O Bg4 11.
d5 Nb8 12. Ne1 Na6 13. Be3 Nd7 14. Be2 Bxe2 15. Qxe2 Nac5 16. f3 f5 17. Nd3 fxe4 18. Nxc5 exf3 19. Rxf3 dxc5 20. Rg3 Rf7 21. Bg5 Qd6 22.
Qh5 Raf8 23. Bh6 Kh8 24. Be3 Nf6 25. Qh4 c6 26. Rh3 cxd5 27. Bg5 g6 28. Rd1 d4 29.
cxd4 cxd4 30. Re1 Nh5 31. g4 Nf6 32. c5 Qe6 33. Rf1 Qxg4+ 34. Kh1 Qxh4 35. Rxh4 Nd5 36. Re1 Rf1+ 37. Rxf1 Rxf1+ 38. Kg2 Rf5 39. Bd2 Kg7 40. Re4 Nf6 41. Re2 e4 42. h3 e3 43. Be1 Ne4 0-1

[Event "*** SCC Grand Prix: Titled Tuesday Blitz"]
[Site "Chess.com"]
[Date "2020.06.02"]
[Round "4"]
[White "GMJustin"]
[Black "Klavdia_Nik"]
[Result "1-0"]
[WhiteElo "2288"]
[BlackElo "2058"]
[TimeControl "180+1"]
[EndTime "10:39:49 PDT"]
[Termination "GMJustin won on time"]

1. e4 e5 2. Nf3 Nc6 3. Bb5 a6 4. Ba4 Nf6 5. O-O Be7 6. Re1 b5 7. Bb3 O-O 8. d4 Nxd4 9. Nxd4 exd4 10. e5 Ne8 11. c3 dxc3 12. Nxc3 Bb7 13. Nd5 Bc5 14.
Bf4 c6 15. Nc3 Nc7 16. Ne4 Be7 17. Qg4 Kh8 18. Bg5 Bxg5 19. Nxg5 Ne6 20. Bxe6 fxe6 21.
Qh5 h6 22. Nf7+ Rxf7 23. Qxf7 c5 24. Rad1 Bc6 25. f4 c4 26. Kh1 Qh4 27. Re3 Qf2 28.
Rg3 Rg8 29. f5 exf5 30. e6 dxe6 31. Qxe6 Be4 32. Rg6 Qf4 33. h3 Bd3 34. Re1 1-0

[Event "*** SCC Grand Prix: Titled Tuesday Blitz"]
[Site "Chess.com"]
[Date "2020.06.02"]
[Round "4"]
[White "WinstonSilvakov"]
[Black "ZarinaShafigullina"]
[Result "1-0"]
[WhiteElo "2071"]
[BlackElo "2260"]
[TimeControl "180+1"]
[EndTime "10:39:49 PDT"]
[Termination "WinstonSilvakov won by resignation"]

1. d4 Nf6 2. e3 d5 3. Bd3 c6 4. Nd2 Nbd7 5. f4 c5 6. c3 c4 7. Bc2 e6 8. Ngf3 b5 9. Ne5 Qb6 10. O-O b4 11. Qf3 Bb7 12. g4 a5 13. g5 Ng8 14. Qh5 Nxe5 15. fxe5 g6 16. Qf3 Qc7 17. e4 Bc6 18. Nxc4 dxc4 19. d5 Bb5 20. dxe6 Bc5+ 21. Be3 Bxe3+ 22. Qxe3 fxe6 23. Qf4 O-O-O 24. a4 Bc6 25. cxb4 axb4 26. a5 Kb8 27. a6 Ne7 28.
Ba4 Qb6+ 29. Kh1 Bxa4 30. Rxa4 Nc6 31. Qf6 Rhe8 32. Qf7 Re7 33. a7+ Ka8 34. Qf6 Qb7 35. Re1 Nd4 36. Ra5 Nc6 37. Rc5 Nd4 38. Rxc4 Rc7 39.
Qxd8+ Kxa7 40. Rxc7 1-0